 Dungeon Crawl Stone Soup version 0.23-a0-635-g88ca12a (webtiles) character file.

67 Matador8 the Grasshopper (level 4, 0/36 HPs)
             Began as a Draconian Warper on Dec 28, 2018.
             Slain by a gnoll
             ... wielding a +0 spear
              (8 damage)
             ... on level 2 of the Dungeon.
             The game lasted 00:05:21 (1324 turns).

Matador8 the Grasshopper (Draconian Warper)         Turns: 1324, Time: 00:05:22

Health: 0/36       AC:  5    Str: 15    XL:     4   Next: 0%
Magic:  7/7        EV: 12    Int: 13    God:
Gold:   98         SH:  0    Dex: 10    Spells: 5/7 levels left

rFire    . . .     SeeInvis .   a - +0 mace
rCold    . . .     Gourm    .   (no shield)
rNeg     . . .     Faith    .   (armour unavailable)
rPois    .         Spirit   .   (helmet restricted)
rElec    .         Reflect  .   (no cloak)
rCorr    .         Harm     .   (no gloves)
MR       .....                  (no boots)
Stlth    +.........             (no amulet)
HPRegen  0.12/turn              (no ring)
MPRegen  0.10/turn              (no ring)

@: no status effects
A: unfitting armour, cold-blooded, AC +5
a: no special abilities


You were on level 2 of the Dungeon.
You were not hungry.

You visited 1 branch of the dungeon, and saw 2 of its levels.

You collected 98 gold pieces.

Inventory:

Hand Weapons
 a - a +0 mace (weapon)
Missiles
 d - 5 tomahawks of dispersal (quivered)
Scrolls
 c - a scroll of blinking
 e - 6 scrolls of teleportation {unknown}
 h - a scroll of remove curse {unknown}
 l - 6 scrolls of identify {unknown}
 m - 2 scrolls of amnesia {unknown}
 n - a scroll of noise {unknown}
Potions
 b - a potion of heal wounds {unknown}
 g - a potion of lignification {unknown}
 i - a potion of might {unknown}
 k - a potion of agility {unknown}
Comestibles
 f - 3 rations
 j - 6 chunks of flesh


   Skills:
 - Level 2.1 Fighting
 + Level 3.3 Maces & Flails
 - Level 0.8 Throwing
 - Level 2.1 Dodging
 - Level 2.4 Spellcasting
 + Level 3.7 Translocations


You had 5 spell levels left.
You knew the following spells:

 Your Spells              Type           Power        Failure   Level  Hunger
a - Blink                 Tloc           N/A          9%          2    ###....

Your spell library contained the following spells:

 Spells                   Type           Power        Failure   Level  Hunger
 Gell's Gravitas          Tloc           ##........   16%         3    ###....
 Lesser Beckoning         Tloc           ##........   16%         3    ###....
 Teleport Other           Tloc           ##......     16%         3    ###....
 Shroud of Golubria       Chrm/Tloc      #.........   17%         2    ###....
 Passage of Golubria      Tloc           N/A          47%         4    #####..


Dungeon Overview and Level Annotations

Branches:
Dungeon (2/15)

Altars:


Innate Abilities, Weirdness & Mutations

Your plain brown scales are hard. (AC +5)
You cannot fit into any form of body armour.
You are cold-blooded and may be slowed by cold attacks.


Message History

The gnoll barely misses you.
You hit the gnoll but do no damage. The gnoll hits you but does no damage.
The gnoll hits you with a +0 spear.
You hit the gnoll.
Your tail-slap misses the gnoll.
The gnoll is moderately wounded.
The gnoll hits you with a +0 spear.
You barely miss the gnoll.
The gnoll is moderately wounded.
The gnoll hits you with a +0 spear.
You closely miss the gnoll.
The gnoll is moderately wounded.
The gnoll hits you with a +0 spear.
You barely miss the gnoll.
Your tail-slap misses the gnoll.
The gnoll is moderately wounded.
The gnoll hits you with a +0 spear.
* * * LOW HITPOINT WARNING * * *
You barely miss the gnoll.
The gnoll is moderately wounded.
The gnoll completely misses you. The gnoll hits you with a +0 spear!
You die...

##### ≈≈..## ≈≈≈.≈#
≈≈≈≈.# ≈≈≈≈.## ##≈≈≈≈...
#.≈.≈≈...
################@≈≈≈≈≈..
...............g.≈≈≈≈≈..
.#######.###.###≈≈≈.≈...
.### #.........≈≈...^.
...# #..##.###.≈≈≈≈≈..
...#####..#......≈≈≈≈...
♣..#.........#...≈≈≈≈.).
.♣.....##....#.#.≈≈≈.≈..
♣......###.#.#.#..≈≈≈≈#


You could see a gnoll.

Vanquished Creatures
  2 gnolls
  An adder (D:2)
  A worm (D:2)
  2 dart slugs
  3 orcs (D:2)
  3 giant cockroaches
  3 goblins
  2 hobgoblins
  2 jackals (D:1)
  5 bats
  2 frilled lizards
  3 kobolds (D:2)
  4 rats
33 creatures vanquished.

Notes
Turn   | Place    | Note
-------+----------+-------------------------------------------
     0 | D:1      | Matador8 the Draconian Warper began the quest for the Orb.
     0 | D:1      | Reached XP level 1. HP: 17/17 MP: 3/3
   208 | D:1      | Reached XP level 2. HP: 22/24 MP: 5/5
   216 | D:1      | Learned a level 2 spell: Blink
   700 | D:2      | Reached XP level 3. HP: 26/29 MP: 6/6
   711 | D:2      | Found a faded altar of an unknown god.
  1298 | D:2      | Reached XP level 4. HP: 22/36 MP: 7/7
  1324 | D:2      | Slain by a gnoll

Vault maps used:
D:1:      roderic_crop_circles_arrival_small
D:2:      serial_rivers, chequers_serial_rivers_micro_b,
          chequers_serial_rivers_small_b, chequers_serial_rivers_micro_e,
          chequers_serial_rivers_small_3, chequers_serial_rivers_large_a,
          chequers_ecumenical_altar_simple_redux, first_ration,
          chequers_big_river

Skill      XL: |  1  2  3 |
---------------+----------+-----
Maces & Flails | 3 |  3.3
Fighting       | |  2.1
Throwing       | |  0.8
Dodging        | |  2.1
Spellcasting   | |  2.4
Translocations | |  3.7

Action                   |  1- 3 |  4- 6 || total
-------------------------+-------+-------++-------
Melee: Mace              |   123 |     6 ||   129
       Tailslap          |    19 |       ||    19
 Cast: Blink             |     1 |       ||     1
  Eat: Chunk             |     2 |       ||     2
Armor: Skin              |    36 |     1 ||    37
Dodge: Dodged            |    83 |     2 ||    85

Table legend:
 A = Non-vault XP
 B = Vault XP
 C = Vault XP percentage of total XP
 D = Non-vault monster count
 E = Vault monster count
 F = Vault count percentage of total count
                 A         B        C        D         E       F
            +---------+---------+-------+---------+---------+-------
      Total |      97 |       0 |   0.0 |      33 |       0 |   0.0
            +---------+---------+-------+---------+---------+-------
        D:1 |      34 |       0 |   0.0 |      13 |       0 |   0.0
        D:2 |      63 |       0 |   0.0 |      20 |       0 |   0.0
            +---------+---------+-------+---------+---------+-------
